Map: Ice and Chrome LE

Players

CALAVERA

  • Race: Protoss Protoss
  • Spawn Location: 1:00

WamBamTYCam - Winner!

  • Race: Zerg Zerg
  • League: Silver
  • Spawn Location: 7:00

VOD

Have the link to the VOD?

Description

Tried to cannon rush be but that's a no no.

Time

  • Played on: June 30, 2020, 5:10 a.m.
  • Length: 11:05
Show
View Real Time Build Order
Export as new Build Order

CALAVERA Protoss 

Build Orders:  

Get SALT Encoding   

  12  0:10  Pylon  
  12  0:31  Forge  
  12  1:03  Pylon  
  11  1:26  Photon Cannon  
  11  1:38  Pylon  
  11  1:59  Photon Cannon  
  11  2:05  Photon Cannon  
  11  2:18  Gateway  
  11  2:32  Gateway  
  11  2:43  Assimilator  
  11  2:46  Probe  
  11  2:48  Assimilator  
  12  2:58  Probe  
  13  3:10  Probe  
  14  3:22  Probe  
  15  3:34  Probe  
  15  3:40  Cybernetics Core  
  16  3:46  Probe  
  17  3:57  Photon Cannon  
  17  3:59  Probe  
  18  4:11  Probe, Gateway  
  19  4:23  Probe  
  20  4:56  Twilight Council  
  20  5:08  Nexus  
  20  5:29  Pylon  
  20  5:35  Pylon  
  20  5:40  Stalker  
  20  5:41  Stalker x2  
  26  6:00  Probe  
  27  6:10  Stalker  
  29  6:12  Probe  
  30  6:20  Zealot  
  30  6:24  Probe  
  33  6:34  Probe  
  33  6:36  Probe  
  35  6:46  Probe  
  36  6:47  Zealot  
  38  6:57  Photon Cannon  
  38  6:58  Probe  
  39  7:08  Photon Cannon  
  39  7:16  Probe  
  39  7:18  Photon Cannon  
  40  7:40  Templar Archives  
  40  7:42  Charge  
  40  7:55  Stalker  
  40  7:56  Stalker  
  44  8:18  Zealot  
  46  8:31  Probe  
  47  8:40  Probe  
  47  8:46  Zealot  
  47  8:48  Probe  
  50  8:50  Psionic Storm  
  50  8:52  Protoss Shields Level 1  
  51  9:03  Zealot x2  
  55  9:13  Zealot  
  55  9:15  Probe  
  58  9:28  Probe  
  59  9:40  Zealot, Probe  
Show
View Real Time Build Order
Export as new Build Order

WamBamTYCam Zerg - Winner!

Build Orders: Hatch First 

Get SALT Encoding   

  12  0:01  Drone  
  13  0:13  Overlord  
  13  0:21  Overlord  
  13  0:25  Drone  
  14  0:32  Drone  
  15  0:38  Drone  
  16  1:00  Hatchery  
  15  1:30  Drone  
  16  1:45  Spawning Pool  
  16  1:46  Extractor  
  14  1:47  Drone  
  15  1:55  Drone  
  15  1:56  Drone  
  17  2:04  Drone  
  18  2:13  Drone  
  18  2:15  Drone  
  20  2:30  Overlord  
  20  2:32  Queen  
  20  2:35  Zergling x4  
  20  2:36  Drone  
  25  2:43  Queen  
  27  2:47  Drone  
  29  2:55  Zergling x2  
  29  2:57  Drone  
  30  3:06  Drone  
  30  3:07  Queen  
  33  3:17  Zergling x4  
  35  3:20  Metabolic Boost  
  35  3:22  Overlord  
  35  3:27  Drone  
  35  3:29  Drone  
  37  3:41  Drone  
  37  3:43  Baneling Nest  
  37  3:49  Drone  
  37  3:52  Drone x3  
  37  3:53  Drone  
  42  3:56  Extractor  
  42  4:00  Roach Warren  
  42  4:01  Drone x2  
  39  4:25  Drone x3  
  39  4:26  Queen  
  46  4:41  Lair  
  46  4:44  Drone, Roach  
  46  4:45  Roach x2  
  51  4:51  Overlord  
  51  5:09  Pneumatized Carapace  
  51  5:12  Roach  
  51  5:13  Roach x3  
  59  5:14  Overlord  
  59  5:15  Overlord  
  59  5:41  Drone x3  
  62  5:43  Extractor  
  62  5:44  Extractor  
  60  5:50  Hatchery  
  59  6:06  Roach x8  
  59  6:07  Overlord  
  59  6:08  Overlord  
  75  6:18  Burrow  
  75  6:29  Drone  
  75  6:30  Drone x3  
  79  7:07  Drone  
  80  7:17  Hydralisk Den  
  80  7:19  Drone x3  
  80  7:22  Roach x7  
  96  7:23  Overlord  
  96  7:33  Hatchery  
  96  7:36  Drone x2  
  97  7:50  Baneling x5  
  97  7:52  Zergling x14  
  104  8:04  Drone  
  105  8:07  Overlord x3  
  105  8:24  Baneling  
  105  8:25  Queen, Baneling x3  
  107  8:30  Hydralisk  
  107  8:31  Hydralisk x5  
  119  8:50  Overseer  
  119  8:58  Overlord x3  
  119  9:01  Queen  
  121  9:05  Drone  
  121  9:06  Drone x2  
  124  9:37  Queen  
  122  9:47  Drone x5  
  127  10:03  Ravager  
  127  10:04  Ravager x5  
Tags
 
League
Silver
Matchup
PvZ
Spawn Locations
Cross Positions
Add a new tag
Caveats
  • Supply blocks, unpowered buildings, or Contaminate may cause inaccurate times.
  • Supply counts are checked every 10 seconds.